 Dungeon Crawl Stone Soup version 0.22.1-2-g9c5b331383 (webtiles) character file.

34 Ishchenko the Firebug (level 3, 24/24 HPs)
             Began as a Human Fire Elementalist on Jan 5, 2019.
             Quit the game on level 2 of the Dungeon on Jan 6, 2019.
             The game lasted 00:11:23 (1117 turns).

Ishchenko the Firebug (Human Fire Elementalist)     Turns: 1117, Time: 00:11:23

Health: 24/24      AC:  2    Str:  8    XL:     3   Next: 50%
Magic:  1/7        EV: 12    Int: 16    God:
Gold:   67         SH:  0    Dex: 13    Spells: 1/7 levels left

rFire    . . .     SeeInvis .   h - +0 mace
rCold    . . .     Gourm    .   (no shield)
rNeg     . . .     Faith    .   a - +0 robe
rPois    .         Spirit   .   (no helmet)
rElec    .         Reflect  .   (no cloak)
rCorr    .         Harm     .   (no gloves)
MR       .....                  (no boots)
Stlth    ++........             (no amulet)
HPRegen  0.08/turn              (no ring)
MPRegen  0.10/turn              (no ring)

@: no status effects
A: no striking features
a: no special abilities


You were on level 2 of the Dungeon.
You were not hungry.

You visited 1 branch of the dungeon, and saw 2 of its levels.

You collected 67 gold pieces.

Inventory:

Hand Weapons
 h - a +0 mace (weapon)
Armour
 a - a +0 robe (worn)
Scrolls
 b - a scroll of remove curse {unknown}
 d - a scroll of immolation {unknown}
 e - 2 scrolls of identify {unknown}
 g - a scroll of enchant armour {unknown}
Potions
 f - a potion of haste {unknown}
 j - a potion of curing {unknown}
Comestibles
 c - 4 rations
 i - 8 chunks of flesh


   Skills:
 + Level 2.1 Dodging
 + Level 2.2 Stealth
 + Level 0.1 Unarmed Combat
 + Level 2.6 Spellcasting
 + Level 1.0 Conjurations
 + Level 3.5 Fire Magic


You had one spell level left.
You knew the following spells:

 Your Spells              Type           Power        Failure   Level  Hunger
a - Flame Tongue          Conj/Fire      #....        8%          1    #......
b - Throw Flame           Conj/Fire      #.....       12%         2    ##.....
c - Conjure Flame         Conj/Fire      #.......     22%         3    ###....

Your spell library contained the following spells:

 Spells                   Type           Power        Failure   Level  Hunger
 Inner Flame              Hex/Fire       #.......     28%         3    ###....
 Sticky Flame             Conj/Fire      #.......     58%         4    #####..
 Fireball                 Conj/Fire      #.........   91%         5    ######.


Dungeon Overview and Level Annotations

Branches:
Dungeon (2/15)

Altars:


Message History

Press: ? - help, Shift-Dir - straight line, f/p - worm
Aim: a worm (moderately wounded)
The puff of flame hits the worm.
The worm is moderately wounded.
Casting: Throw Flame (safe; 12% risk of failure)
Confirm with . or Enter, or press ? or * to list all spells.
Aiming: Flame Tongue (safe; 8% risk of failure)
Press: ? - help, Shift-Dir - straight line, f/p - worm
Aim: a worm (moderately wounded)
The flame tongue hits the worm.
The worm is moderately wounded.
You hit the worm but do no damage.
The worm is moderately wounded.
The worm barely misses you.
You hit the worm but do no damage.
The worm is moderately wounded.
The goblin barely misses you.
Welcome back, Ishchenko the Human Fire Elementalist.
Press ? for a list of commands and other information.
Are you sure you want to abandon this character and quit the game? (Confirm

#. # #.. .# #
#..# .# #.#...#
#.# .......#.%
#### .....#...
#..
......#.####.#
......w@..##.#
.....#g.#....#
..##.......#.####
#..####>#....###
#.. ...###..<.##
#.. ##.#####...##
#. #... #.#..# ..
###.###..#..#
#..###.##.###


You could see a worm and a goblin.

Vanquished Creatures
  A worm (D:2)
  4 dart slugs
  5 bats (D:1)
  2 giant cockroaches (D:2)
  2 goblins (D:1)
  3 hobgoblins (D:1)
  3 frilled lizards
  3 kobolds (D:1)
  A rat (D:1)
24 creatures vanquished.

Notes
Turn   | Place    | Note
-------+----------+-------------------------------------------
     0 | D:1      | Ishchenko the Human Fire Elementalist began the quest for
                  | the Orb.
     0 | D:1      | Reached XP level 1. HP: 13/13 MP: 3/3
     2 | D:1      | Noticed a naga
     4 | D:1      | Noticed a spriggan
     4 | D:1      | Noticed a tengu
     6 | D:1      | Noticed a ghoul
     6 | D:1      | Noticed a merfolk
     8 | D:1      | Noticed an elf
     8 | D:1      | Noticed a centaur
    10 | D:1      | Noticed a demigod
    10 | D:1      | Noticed a dwarf
    12 | D:1      | Noticed a human
    12 | D:1      | Noticed a formicid
    14 | D:1      | Noticed a felid
    16 | D:1      | Noticed a demonspawn
    18 | D:1      | Noticed a halfling
    18 | D:1      | Noticed a troll
    20 | D:1      | Noticed a vampire
    20 | D:1      | Noticed a draconian
    22 | D:1      | Noticed an octopode
    22 | D:1      | Noticed a minotaur
    24 | D:1      | Noticed a gargoyle
    26 | D:1      | Noticed a vine stalker
    26 | D:1      | Noticed an ogre
    63 | D:1      | Reached XP level 2. HP: 13/19 MP: 0/5
   203 | D:1      | Learned a level 2 spell: Throw Flame
   629 | D:1      | Reached XP level 3. HP: 24/24 MP: 0/6
  1102 | D:2      | Learned a level 3 spell: Conjure Flame
  1117 | D:2      | Quit the game

Action                   || total
-------------------------++-------
Melee: Unarmed           ||     9
       Short sword       ||     1
       Mace              ||     2
 Cast: Flame Tongue      ||    39
       Throw Flame       ||     8
  Eat: Chunk             ||     1
Armor: Robe              ||     1
Dodge: Dodged            ||    10
